 Dungeon Crawl Stone Soup version 0.28-a0-1616-g050a50673c (webtiles) character file.

Game seed: 17004840362672641501

94 grumblor the Insei (level 4, -2/28 HPs)
             Began as an Octopode Transmuter on Jan 22, 2022.
             Slain by a phantom (7 damage)
             ... on level 3 of the Dungeon.
             The game lasted 00:03:36 (3198 turns).

grumblor the Insei (Octopode Transmuter)            Turns: 3198, Time: 00:03:37

Health: -2/28      AC:  1    Str:  9    XL:     4   Next: 63%
Magic:  6/7        EV: 13    Int: 15    God:
Gold:   1051       SH:  0    Dex: 14    Spells: 4/8 levels left

rFire   . . .      SeeInvis .     - Unarmed
rCold   . . .      Faith    .   (no shield)
rNeg    + . .      Spirit   .   (helmet currently unavailable)
rPois   .          Reflect  .   (no amulet)
rElec   .          Harm     .   e - ring of positive energy
rCorr   .          Rampage  .   (no ring)
Will    .....                   (no ring)
Stlth   +++.......              (no ring)
HPRegen 0.09/turn               (no ring)
MPRegen 0.10/turn               (no ring)
                                (no ring)
                                (no ring)

@: appendages (expiring)
A: tentacle spike 3, almost no armour, amphibious, 8 rings, camouflage 1,
gelatinous body 1, (nimble swimmer 1), tentacles
a: End Transformation


You were on level 3 of the Dungeon.
One of your tentacles had grown a beastly spike.
You visited 1 branch of the dungeon, and saw 3 of its levels.

You collected 1051 gold pieces.

Inventory:

Missiles
 a - 2 poisoned darts
Jewellery
 e - a ring of positive energy (left tentacle)
Potions
 b - 3 potions of curing
 c - a potion of mutation {unknown}
 d - a potion of haste {unknown}


   Skills:
 * Level 1.6 Fighting
 * Level 0.8 Throwing
 * Level 2.3 Dodging
 * Level 2.8 Stealth
 + Level 3.4 Unarmed Combat
 + Level 2.5 Spellcasting
 * Level 2.3 Transmutations
 * Level 0.6 Poison Magic


You had 4 spell levels left.
You knew the following spells:

 Your Spells              Type           Power      Damage    Failure   Level
a - Beastly Appendage     Tmut           16%        N/A       9%          1
b - Spider Form           Tmut/Pois      6%         N/A       34%         3

Your spell library contained the following spells:

 Spells                   Type           Power      Damage    Failure   Level
 Wereblood                Tmut           8%         N/A       12%         2
 Apportation              Tloc           2%         N/A       22%         1
 Confusing Touch          Hex            1%         N/A       54%         3
 Portal Projectile        Hex/Tloc       2%         N/A       54%         3
 Summon Guardian Golem    Hex/Summ       1%         N/A       54%         3
 Ice Form                 Ice/Tmut       5%         N/A       78%         4
 Alistair's Intoxication  Tmut/Pois      4%         N/A       97%         5
 Lee's Rapid Deconstruct  Erth           0%         3d5*      99%         5
 Iron Shot                Conj/Erth      0%         9d1       100%        6


Dungeon Overview and Level Annotations

Branches:
Dungeon (3/15)

Altars:

Shops:
D:1 *


Innate Abilities, Weirdness & Mutations

One of your tentacles has grown a beastly spike.
You cannot wear most types of armour.
You are amphibious.
You can wear up to eight rings at the same time.
Your skin changes colour to match your surroundings (Stealth+).
Your rubbery body absorbs attacks. (AC +1, EV +1)
((You are camouflaged when in or above water. (Stealth+)))
You have tentacles for arms and can constrict up to eight enemies at once.


Message History

You tentacle-slap the phantom.
The phantom is moderately damaged.
The phantom completely misses you.
You miss the phantom. You squeeze the phantom.
The phantom is moderately damaged.
The phantom barely misses you.
You closely miss the phantom.
You pierce the phantom, but do no damage.
The phantom is moderately damaged.
The goblin unwields a +0 dagger.
The goblin wields a +0 hunting sling.
The goblin shoots a stone.
The stone closely misses you. The phantom misses you.
Unknown command.
Your transformation is almost over.
The phantom closely misses you.
The goblin unwields a +0 hunting sling.
The goblin wields a +0 dagger.
The goblin misses you.
You closely miss the goblin. You grab the goblin. You constrict the goblin.
The phantom hits you. The goblin hits you with a +0 dagger.
Unknown command.
You tentacle-slap the goblin.
You kill the goblin!
The phantom hits you.
* * * LOW HITPOINT WARNING * * *
The phantom blinks!
You blink.
Found a stone staircase leading up.
Your magical contamination has completely faded away.
You tentacle-slap the phantom but do no damage.
The phantom is moderately damaged.
The phantom hits you.
* * * LOW HITPOINT WARNING * * *
Unknown command.
You tentacle-slap the phantom but do no damage.
The phantom is moderately damaged.
The phantom hits you.
* * * LOW HITPOINT WARNING * * *
The phantom blinks!
You blink.
You tentacle-slap the phantom.
Your tentacle spike misses the phantom.
You squeeze the phantom.
The phantom is heavily damaged.
The phantom hits you!
You die...

#........# ##.. #.
#........# # ...#<..
#........# #. ###.......
#.)......# ..##.......#
#........###..##......#
#..............#......#
#..........[##..).....#
#...<....##.####....!.#
#........# ...#.@.(...#
#####.#..# #.#.W.....# #
#....####...#...).##.#
#.##..##<..##......#<#
####.##..##.#......##...#
#.............#.#..##..###.
#.......(..[#...#.#........
#..........###..#.§.#
#..†.......# #...###


You could see a phantom.

Vanquished Creatures
  A hound (D:2)
  2 adders
  A dart slug (D:2)
  8 endoplasms
  7 goblins
  5 hobgoblins
  4 kobolds
  3 quokkas
  2 ball pythons
  4 bats
  3 rats (D:2)
40 creatures vanquished.

Notes
Turn   | Place    | Note
-------+----------+-------------------------------------------
     0 | D:1      | grumblor the Octopode Transmuter began the quest for the
                  | Orb.
     0 | D:1      | Reached XP level 1. HP: 13/13 MP: 3/3
   282 | D:1      | Found Xooxti's Assorted Antiques.
   633 | D:1      | Reached XP level 2. HP: 18/18 MP: 5/5
   874 | D:1      | Reached skill level 1 in Stealth
   927 | D:1      | Found a faded altar of an unknown god.
  1140 | D:1      | Got Viror's Reference Book on Enchantment and the Rocks
  1367 | D:2      | Reached XP level 3. HP: 23/23 MP: 6/6
  1388 | D:2      | Learned a level 3 spell: Spider Form
  1508 | D:2      | Identified a scroll of acquirement
  1508 | D:2      | Acquired 943 gold pieces
  2357 | D:2      | Reached XP level 4. HP: 6/28 MP: 3/7
  3179 | D:3      | Noticed a phantom
  3198 | D:3      | Slain by a phantom

Illustrated notes

Levels and vault maps discovered:
D:1:      dpeg_arrival_long_road, layout_basic,
          hellmonk_ecumenical_altar_pennies_from_heaven, serial_shops,
          nicolae_shop_behind_doors, minmay_misc_feat_alley,
          minmay_strange_pillars
D:2:      layout_basic, minmay_tetromino_t2
D:3:      layout_rooms

Skill      XL: |  1  2  3 |
---------------+----------+-----
Stealth        | 1 2 |  2.8
Fighting       | |  1.6
Throwing       | |  0.8
Dodging        | |  2.3
Unarmed Combat | |  3.4
Spellcasting   | |  2.5
Transmutations | |  2.3
Poison Magic   | |  0.6

Action                   |  1- 3 |  4- 6 || total
-------------------------+-------+-------++-------
Melee: Unarmed           |    72 |    29 ||   101
       Tentacles         |    15 |     4 ||    19
       Kick              |     2 |     1 ||     3
       Constrict         |    15 |     7 ||    22
       Punch             |     2 |       ||     2
 Cast: Beastly Appendage |     4 |     1 ||     5
       Spider Form       |     2 |       ||     2
  Use: Scroll            |     7 |       ||     7
 Stab: Sleeping          |    13 |     1 ||    14
Armor: Skin              |     4 |     1 ||     5
Dodge: Dodged            |    32 |    18 ||    50

Table legend: (Time is in decaauts)
 A = Elapsed time spent in this place.
 B = Non-inter-level travel time spent in this place.
 C = Inter-level travel time spent in this place.
 D = Time resting spent in this place.
 E = Time spent auto-exploring this place.
 F = Levels seen in this place.
 G = Mean time per level.
                   A        B        C        D        E       F      G
               +--------+--------+--------+--------+--------+-----+--------+
         Total |   3190 |   3073 |    117 |    273 |   2514 |   3 | 1063.3 |
       Dungeon |   3190 |   3073 |    117 |    273 |   2514 |   3 | 1063.3 |
               +--------+--------+--------+--------+--------+-----+--------+

Top non-repeatable levels by time:
     D:2: 1690 daAuts
     D:1: 1360 daAuts
     D:3: 139 daAuts
